[Event "*** Titled Tuesday Blitz"]
[Site "Chess.com"]
[Date "2019.02.05"]
[Round "3"]
[White "1e41-0"]
[Black "DrVelja"]
[Result "1-0"]
[WhiteElo "2551"]
[BlackElo "2617"]
[TimeControl "180+2"]
[EndTime "13:35:20 PST"]
[Termination "1e41-0 won by resignation"]

1. e4 c5 2. Nf3 d6 3. d4 cxd4 4.
Nxd4 Nf6 5. Nc3 a6 6. h3 e6 7. g4 Nfd7 8. Bg2 Be7 9. O-O Nc6 10.
Be3 h5 11. g5 Nce5 12. Qe2 Qc7 13. Rad1 Qc4 14. Qe1 O-O 15. f4 Nc6 16. Bf3 g6 17. Be2 Qb4 18. Nxc6 bxc6 19. Nd5 Qxe4 20. Nxe7+ Kh7 21.
Bf3 Qxc2 22. Rf2 Qc4 23. Rc1 Qxa2 24. Bxc6 Rb8 25. Nxc8 Rfxc8 26. Bxd7 Rxc1 27. Qxc1 Qd5 28. Qc7 Qd1+ 29. Kh2 Qd3 30. Bb6 h4 31. Bxe6 Rf8 32. Bg4 Qg3+ 33. Kh1 Kg8 34. f5 Re8 35. Qc1 gxf5 36.
Bxf5 Re5 37. g6 Rxf5 38. Qc8+ Kg7 39. Qxf5 fxg6 40. Bd4+ Kh7 41. Qf7+ Kh6 42. Qg7+ Kg5 43. Qf6+ Kh6 44. Qf4+ 1-0

[Event "*** Titled Tuesday Blitz"]
[Site "Chess.com"]
[Date "2019.02.05"]
[Round "3"]
[White "26andrej26"]
[Black "matiss90"]
[Result "0-1"]
[WhiteElo "2411"]
[BlackElo "2472"]
[TimeControl "180+2"]
[EndTime "13:35:20 PST"]
[Termination "matiss90 won by resignation"]

1. e4 c5 2. Nf3 d6 3. d4 cxd4 4. Nxd4 Nf6 5. Nc3 g6 6. Bc4 Bg7 7. f3 Nc6 8. Be3 O-O 9. Qd2 Bd7 10. h4 h5 11. O-O-O Rb8 12. Bb3 Na5 13. Bh6 Nxb3+ 14.
cxb3 b5 15. Bxg7 Kxg7 16. g4 b4 17. Nd5 Nxd5 18. exd5 Qa5 19. Kb1 Qxd5 20. Ka1 Kh7 21. gxh5 Qxh5 22. Rdg1 f6 23. Qe1 e5 24. Rg5 fxg5 25.
hxg5 Rbe8 26. Rxh5+ gxh5 27. Qe4+ Kg7 28. Ne2 Bf5 29. Qxb4 Re6 30. a4 Rf7 31. Ng3 Bg6 32. Qh4 Rxf3 33. Qh3 Rxg3 34. Qxe6 Rf3 35. Qe7+ Rf7 36.
Qxd6 e4 37. Qe5+ Kh7 38. b4 Rd7 39. b5 Rf7 40. a5 Rg7 41. b6 axb6 42. axb6 Rb7 43.
Qc7+ Rxc7 44. bxc7 Bf5 45. Kb1 h4 0-1

[Event "*** Titled Tuesday Blitz"]
[Site "Chess.com"]
[Date "2019.02.05"]
[Round "3"]
[White "Polish_fighter3000"]
[Black "MatthewG-p4p"]
[Result "1-0"]
[WhiteElo "3019"]
[BlackElo "2667"]
[TimeControl "180+2"]
[EndTime "13:35:23 PST"]
[Termination "Polish_fighter3000 won by resignation"]

1. d4 Nf6 2. c4 c5 3. d5 e6 4. Nc3 exd5 5. cxd5 d6 6. Nf3 g6 7.
Bf4 Bg7 8. Qa4+ Bd7 9. Qb3 b5 10.
Nxb5 Bxb5 11. Qxb5+ Nbd7 12. Bxd6 Ne4 13. Be5 O-O 14.
Bxg7 Kxg7 15. Qa4 Rb8 16. Qc2 Qa5+ 17. Nd2 Ndf6 18. f3 Nxd2 19. Qxd2 Qxd2+ 20. Kxd2 Nxd5 21. b3 Rfd8 22. e4 Nf4+ 23. Ke3 Ne6 24. Bc4 Nd4 25. Rhc1 f5 26. e5 g5 27. g3 f4+ 28. gxf4 gxf4+ 29. Ke4 Re8 30. Rg1+ Kh8 31. Rg5 Rbd8 32. Rag1 Nc6 33.
Bd5 Ne7 34. Rd1 Ng6 35. Rd3 Kg7 36. h4 Kh6 37. Rf5 Ne7 38. Rxf4 Ng6 39. Rf5 Nxh4 40. Rf6+ Ng6 41. f4 Kg7 42. Rf7+ Kh8 43. Rh3 Nf8 44. Rh6 Rd7 45. Rxd7 Nxd7 46. Bc6 1-0

[Event "*** Titled Tuesday Blitz"]
[Site "Chess.com"]
[Date "2019.02.05"]
[Round "3"]
[White "Sordis"]
[Black "amiralfio"]
[Result "0-1"]
[WhiteElo "2328"]
[BlackElo "2369"]
[TimeControl "180+2"]
[EndTime "13:35:25 PST"]
[Termination "amiralfio won by checkmate"]

1. c4 Nf6 2. g3 g6 3. Bg2 Bg7 4. Nc3 O-O 5. d3 d6 6. Rb1 Nh5 7. e3 f5 8. Nge2 e5 9. b4 Nd7 10. Qb3 Kh8 11. O-O Ndf6 12. Bd2 g5 13. f4 exf4 14.
gxf4 Ng4 15. h3 gxf4 16. hxg4 fxg4 17. Nxf4 Ng3 18. Rf2 Qh4 19. Be1 Nf5 20. Re2 g3 21. Be4 Nd4 22. Qd1 Rxf4 23. exf4 Bg4 24. Rbb2 Nxe2+ 25. Rxe2 Bd4+ 26. Kf1 Rf8 27. Bd2 Bxe2+ 28. Nxe2 g2+ 29.
Bxg2 Qf2# 0-1

[Event "*** Titled Tuesday Blitz"]
[Site "Chess.com"]
[Date "2019.02.05"]
[Round "3"]
[White "cool4chess"]
[Black "Kawhi_Leonard2"]
[Result "1-0"]
[WhiteElo "2302"]
[BlackElo "2234"]
[TimeControl "180+2"]
[EndTime "13:35:26 PST"]
[Termination "cool4chess won on time"]

1. e4 c5 2. Nf3 d6 3. d4 cxd4 4. Nxd4 Nf6 5. Nc3 g6 6. Be3 Bg7 7. f3 Nc6 8. Qd2 O-O 9. O-O-O d5 10. Qe1 e5 11. Nxc6 bxc6 12. exd5 Nxd5 13. Bc4 Be6 14. Kb1 a5 15. Ne4 f5 16. Ng5 Bc8 17. Bc5 Re8 18. h4 h6 19. Ne4 Be6 20. Nc3 Qc7 21.
h5 g5 22. g4 e4 23. Bd4 exf3 24. gxf5 Bf7 25. Qd2 Rad8 26. Bxg7 Kxg7 27. Nxd5 cxd5 28. Bb3 Qc5 29. Rhf1 Re3 30. Qh2 Rd6 31. Rde1 1-0

[Event "*** Titled Tuesday Blitz"]
[Site "Chess.com"]
[Date "2019.02.05"]
[Round "3"]
[White "NateSolon"]
[Black "KazakhFighter04"]
[Result "1/2-1/2"]
[WhiteElo "2530"]
[BlackElo "2649"]
[TimeControl "180+2"]
[EndTime "13:35:27 PST"]
[Termination "Game drawn by repetition"]

1. d4 Nf6 2. Bg5 Ne4 3. Bf4 c5 4. f3 Qa5+ 5. c3 Nf6 6. Nd2 cxd4 7. Nb3 Qf5 8. Bxb8 Rxb8 9. Qxd4 b6 10. e4 Qf4 11. Ne2 Qc7 12. e5 Ng8 13. Nf4 e6 14.
O-O-O Ne7 15. Nd3 Nc6 16. Qe3 d5 17. Kb1 Na5 18. Nxa5 bxa5 19. Ka1 Be7 20. f4 Qb6 21. Qxb6 axb6 22. Ne1 b5 23. Nf3 h5 24. Nd4 Bd7 25.
Be2 g6 26. g3 O-O 27. h3 b4 28. cxb4 axb4 29. g4 hxg4 30. hxg4 Ra8 31. f5 Ra7 32.
f6 Bc5 33. Nb3 Rfa8 34. Nxc5 Rxa2+ 35. Kb1 Ra1+ 36. Kc2 Rxd1 37. Kxd1 Ra1+ 38. Kd2 Rxh1 39. Nxd7 Rb1 40. Kc2 Re1 41. Kd2 Rb1 42. Kc2 Re1 43.
Kd2 Rb1 44. Kc2 1/2-1/2

[Event "*** Titled Tuesday Blitz"]
[Site "Chess.com"]
[Date "2019.02.05"]
[Round "3"]
[White "Aleksey_Sorokin"]
[Black "SCIM"]
[Result "1-0"]
[WhiteElo "2699"]
[BlackElo "2400"]
[TimeControl "180+2"]
[EndTime "13:35:30 PST"]
[Termination "Aleksey_Sorokin won by resignation"]

1. d4 Nf6 2. c4 g6 3. Nc3 d5 4.
cxd5 Nxd5 5. e4 Nxc3 6. bxc3 Bg7 7. Qa4+ Qd7 8. Bb5 c6 9. Be2 O-O 10. Qa3 b6 11. Nf3 Bb7 12. O-O Qc7 13. Bg5 Re8 14. Bh4 Nd7 15. Bc4 e6 16. Bg3 Qd8 17. Rfe1 b5 18. Bb3 a5 19. Rad1 a4 20. Bc2 Nb6 21.
Bd3 Qe7 22. Qxe7 Rxe7 23. Bd6 Ree8 24. Bc7 Nd7 25. c4 b4 26. c5 Rec8 27. Bd6 b3 28. axb3 axb3 29. Rb1 Ra3 30. Bc4 Rca8 31. Re3 b2 32.
Re2 Rc3 33. Rexb2 Rxc4 34. Rxb7 Nf8 35. e5 h6 36. h4 Ra2 37. Rb8 Rcc2 38. Rf1 Rab2 39.
Rc8 Rc4 40. Rxc6 g5 41. hxg5 hxg5 42. Nxg5 Rxd4 43. Rc8 Rc4 44. c6 Rg4 45. c7 1-0

[Event "*** Titled Tuesday Blitz"]
[Site "Chess.com"]
[Date "2019.02.05"]
[Round "3"]
[White "AlexTriapishko"]
[Black "jsdbv18"]
[Result "0-1"]
[WhiteElo "2742"]
[BlackElo "2481"]
[TimeControl "180+2"]
[EndTime "13:35:34 PST"]
[Termination "jsdbv18 won by resignation"]

1. e4 c5 2. Nf3 d6 3. d4 cxd4 4.
Nxd4 Nf6 5. f3 e5 6. Nb3 Nc6 7. c4 Be7 8. Nc3 O-O 9. Be3 Be6 10. Rc1 a5 11. Na4 Nd7 12. Be2 Bg5 13. Qd2 Bxe3 14. Qxe3 Qh4+ 15. g3 Qe7 16. O-O f5 17. c5 f4 18.
cxd6 Qg5 19. Qf2 fxg3 20. Qxg3 Qh6 21. Nac5 Nxc5 22. Nxc5 Nd4 23. Qf2 Bh3 24. Rfd1 Rf6 25. Kh1 Rg6 26. Bf1 Rf8 27. Rc3 Rxd6 28. Bxh3 Qxh3 29.
f4 Qh5 30. Rcd3 Rxf4 31. Qd2 Rg6 32. Nd7 Rxe4 33. Rf1 h6 34. Qc1 Rc6 35. Rf8+ Kh7 36. Qg1 Rf4 37. Rg3 Ne6 38. Rxf4 exf4 39. Nf8+ Kg8 40.
Nxe6 fxg3 41. Nf4 Qf3+ 42. Ng2 gxh2 43. Qe1 Rg6 44. Qe8+ Kh7 45. Qxg6+ Kxg6 46. Kxh2 Qxg2+ 47. Kxg2 Kf5 0-1

[Event "*** Titled Tuesday Blitz"]
[Site "Chess.com"]
[Date "2019.02.05"]
[Round "3"]
[White "Veiso"]
[Black "Babas"]
[Result "0-1"]
[WhiteElo "2374"]
[BlackElo "2331"]
[TimeControl "180+2"]
[EndTime "13:35:37 PST"]
[Termination "Babas won by resignation"]

1. d4 Nf6 2. c4 c5 3. d5 e5 4. Nc3 d6 5. e4 Be7 6. Be2 h5 7. Nf3 h4 8. h3 Nbd7 9. Bg5 Nh5 10.
Bxe7 Qxe7 11. Qd2 Nf8 12. O-O-O Bd7 13. Ne1 a6 14. Kb1 Rb8 15. a4 Qf6 16. Bg4 Nf4 17.
Bxd7+ Nxd7 18. g3 hxg3 19. fxg3 Rxh3 20. Rxh3 Nxh3 21. Qg2 Ng5 22. Rd2 Ke7 23. Rf2 Qg6 24. Ka2 Nf6 25. Re2 Rh8 26. Nd3 Qh5 27. Qf2 Qf3 28. Qxf3 Nxf3 29. b4 cxb4 30. Nxb4 Rc8 31. Rb2 Rxc4 32. Nd1 Nxe4 33. a5 Nd4 34. Nd3 Ra4+ 35.
Kb1 Nb5 36. Rc2 Na3+ 0-1

[Event "*** Titled Tuesday Blitz"]
[Site "Chess.com"]
[Date "2019.02.05"]
[Round "3"]
[White "Fy_Rakotomaharo"]
[Black "AryanTari"]
[Result "1-0"]
[WhiteElo "2472"]
[BlackElo "2814"]
[TimeControl "180+2"]
[EndTime "13:35:39 PST"]
[Termination "Fy_Rakotomaharo won on time"]

1. d4 d5 2. c4 dxc4 3. e3 e5 4.
Bxc4 Nc6 5. d5 Na5 6. Be2 Nf6 7.
Nc3 c6 8. e4 Bb4 9. Bg5 h6 10.
Bxf6 Qxf6 11. Qa4 Bxc3+ 12. bxc3 b6 13. Nf3 O-O 14. O-O Bg4 15. c4 Rac8 16. h3 Bxf3 17. Bxf3 cxd5 18. cxd5 Rc4 19. Qd7 Rc3 20. Rac1 Ra3 21.
Rc8 Rxc8 22. Qxc8+ Kh7 23. Rd1 Qd6 24. Qf5+ Kg8 25.
Rc1 g6 26. Qc8+ Kg7 27. Qe8 Rxa2 28. Rc8 Kf6 29. h4 Ra1+ 30. Kh2 1-0

[Event "*** Titled Tuesday Blitz"]
[Site "Chess.com"]
[Date "2019.02.05"]
[Round "3"]
[White "GMsKoRPioN"]
[Black "GadimbayliA"]
[Result "0-1"]
[WhiteElo "2547"]
[BlackElo "2798"]
[TimeControl "180+2"]
[EndTime "13:35:40 PST"]
[Termination "GadimbayliA won by resignation"]

1. d4 Nf6 2. c4 e5 3. dxe5 Ng4 4. e4 Nxe5 5. f4 Nec6 6. Nc3 g6 7. Nf3 Bg7 8. Bd3 d6 9. O-O Bg4 10. h3 Bxf3 11. Qxf3 Nd7 12. Be3 O-O 13. Rac1 a5 14.
b3 Re8 15. Nd5 Nb4 16. Bb1 Nc5 17. Rcd1 Nxd5 18. Rxd5 Nxe4 19. Bxe4 Qe7 20. Bxg6 hxg6 21. Bf2 Qe2 22. Qg3 Qe4 23. Re1 Qc2 24. Rxe8+ Rxe8 25.
h4 Re2 26. h5 Bh6 27. f5 Qc1+ 28. Kh2 Bf4 29. fxg6 Rxf2 30. gxf7+ Kf8 0-1

[Event "*** Titled Tuesday Blitz"]
[Site "Chess.com"]
[Date "2019.02.05"]
[Round "3"]
[White "BogdanDeac"]
[Black "Bayernbk"]
[Result "1-0"]
[WhiteElo "2740"]
[BlackElo "2416"]
[TimeControl "180+2"]
[EndTime "13:35:41 PST"]
[Termination "BogdanDeac won by resignation"]

1. e4 e6 2. d4 d5 3. Bd3 c5 4.
exd5 exd5 5. Nf3 c4 6. Be2 Nc6 7. O-O Nf6 8. Re1 Be7 9. b3 cxb3 10. axb3 O-O 11. Bd3 Bg4 12. c3 Re8 13. Nbd2 Bd6 14. Rxe8+ Qxe8 15. Nf1 Ne4 16. Bb2 f5 17. Ne3 Qh5 18. h3 Bxf3 19. Qxf3 Qxf3 20. gxf3 Nd2 21. Nxf5 Bf4 22. Kg2 Nxb3 23. Re1 Kf7 24. Ba3 Rd8 25. c4 Nbxd4 26. Nxd4 Nxd4 27. Re7+ Kf6 28. Rxb7 Nc6 29.
cxd5 Rxd5 30. Be4 Rg5+ 31. Kf1 Ra5 32. Bf8 Ne5 33. Bxg7+ Ke6 34. Kg2 Ra2 35. Bxh7 Rd2 36. Rxa7 Rb2 37. Bg8+ Kf5 38. Ra6 Rd2 39. Rf6+ Kg5 40.
h4+ Kxh4 1-0

[Event "*** Titled Tuesday Blitz"]
[Site "Chess.com"]
[Date "2019.02.05"]
[Round "3"]
[White "MateusViageiro"]
[Black "Jooonaaas1996"]
[Result "0-1"]
[WhiteElo "2184"]
[BlackElo "2292"]
[TimeControl "180+2"]
[EndTime "13:35:43 PST"]
[Termination "Jooonaaas1996 won by checkmate"]

1. e4 c5 2. Nf3 g6 3. g3 Bg7 4.
Bg2 Nc6 5. O-O d6 6. c3 Bg4 7. h3 Bxf3 8. Qxf3 Nf6 9. d3 O-O 10.
Nd2 Rb8 11. a4 a6 12. Qe2 b5 13. f4 Nd7 14. e5 Qc7 15. e6 Nf6 16. axb5 axb5 17. Ne4 Nxe4 18. Qxe4 Nd8 19. exf7+ Nxf7 20. Bd2 Kh8 21. Kh2 Nh6 22. Rfe1 Rbe8 23. Ra6 e5 24. Qc6 Qxc6 25. Bxc6 Rb8 26. Kg2 exf4 27. Bxf4 Nf5 28.
Be4 Rbe8 29. Rea1 b4 30. g4 Nh4+ 31. Kg3 bxc3 32. bxc3 Bxc3 33. Bxd6 g5 34. Bxf8 Rxf8 35. Rc1 Be5# 0-1

[Event "*** Titled Tuesday Blitz"]
[Site "Chess.com"]
[Date "2019.02.05"]
[Round "3"]
[White "Quiet_Desperation"]
[Black "severomorskij"]
[Result "0-1"]
[WhiteElo "2403"]
[BlackElo "2716"]
[TimeControl "180+2"]
[EndTime "13:35:46 PST"]
[Termination "severomorskij won by resignation"]

1. e4 c5 2. d4 cxd4 3. c3 d3 4. Bxd3 Nc6 5. Nf3 g6 6. Bc4 Bg7 7. O-O d6 8. h3 Nf6 9. Re1 O-O 10. Na3 b6 11. Bg5 Bb7 12. Qd2 a6 13. Bh6 b5 14. Bb3 Na5 15. Bc2 Qc7 16. Rad1 Rac8 17. Bxg7 Kxg7 18. Nd4 Rfd8 19. f4 Nc6 20. Qf2 Nxd4 21.
Rxd4 e5 22. Rd2 Qc5 23. Qxc5 Rxc5 24. fxe5 Rxe5 25. Red1 Nxe4 26. Bxe4 Rxe4 27. Nc2 Rde8 28. Rxd6 Re2 29. R6d2 Bxg2 30. Nd4 Rxd2 31. Rxd2 Bxh3 32. Nc6 h5 33. Nb4 Re6 34. Nd5 g5 35. Nc7 Re1+ 36. Kf2 Rf1+ 37. Kg3 Bf5 38. Nxa6 Be4 39.
Nc5 Ba8 40. Rd8 Bh1 41. Rd2 h4+ 42. Kh2 Bc6 0-1

[Event "*** Titled Tuesday Blitz"]
[Site "Chess.com"]
[Date "2019.02.05"]
[Round "3"]
[White "MITerryble"]
[Black "Keaton87"]
[Result "1-0"]
[WhiteElo "2795"]
[BlackElo "2543"]
[TimeControl "180+2"]
[EndTime "13:35:49 PST"]
[Termination "MITerryble won by resignation"]

1. d4 d5 2. Nf3 Nf6 3. c4 e6 4.
e3 c5 5. dxc5 Bxc5 6. a3 O-O 7.
b4 Be7 8. Bb2 dxc4 9. Bxc4 Qxd1+ 10. Kxd1 b6 11. Ke2 Bb7 12. Nbd2 Nbd7 13. Rhd1 Rfd8 14.
Rac1 Rac8 15. h3 h6 16. g4 Nd5 17. h4 Bf6 18. Bxf6 N7xf6 19. g5 hxg5 20. hxg5 Ne8 21.
Ne5 Nd6 22. Bxd5 Bxd5 23. a4 Rxc1 24. Rxc1 Rc8 25. Rxc8+ Nxc8 26. e4 Bb7 27. Ke3 f6 28. gxf6 gxf6 29. Nec4 Kf7 30. e5 fxe5 31. Nxe5+ Ke7 32.
Ndc4 Bd5 33. Kd4 Bxc4 34. Nxc4 Kf6 35. b5 Kf5 36. Ne5 Kf4 37. Nc6 Nd6 38. Nxa7 Nf5+ 39.
Kd3 e5 40. Nc8 Kf3 41. Nxb6 e4+ 42. Kc4 Kxf2 43. Nd5 Ne7 44. Nxe7 e3 45. Nd5 e2 46.
Nf4 e1=Q 47. Nd3+ 1-0

[Event "*** Titled Tuesday Blitz"]
[Site "Chess.com"]
[Date "2019.02.05"]
[Round "3"]
[White "MasterKroket"]
[Black "nubair1198"]
[Result "1-0"]
[WhiteElo "2402"]
[BlackElo "2653"]
[TimeControl "180+2"]
[EndTime "13:35:53 PST"]
[Termination "MasterKroket won by checkmate"]

1. d4 Nf6 2. c4 g6 3. Nc3 Bg7 4. e4 d6 5. Nf3 O-O 6. Be2 Na6 7.
Bg5 h6 8. Bh4 c5 9. d5 e6 10.
O-O Re8 11. Nd2 Nc7 12. Re1 a6 13. a4 b6 14. f4 exd5 15. cxd5 Rb8 16. Bf3 g5 17.
fxg5 Nh7 18. e5 hxg5 19. Bg3 dxe5 20. d6 Qxd6 21. Nc4 Qxd1 22. Raxd1 Be6 23. Nxe5 Rbd8 24. Bc6 Rf8 25. Ng6 Rxd1 26. Ne7+ Kh8 27. Rxd1 Bd4+ 28. Kh1 Ne8 29. a5 bxa5 30. Ne4 f5 31. Nd6 Nxd6 32. Bxd6 Kg7 33. Ra1 Bxb2 34. Rxa5 c4 35. Rxa6 Rc8 36.
Nxc8 Bxc8 37. Ra7+ Kg6 38. Be8+ Kh6 39. h4 c3 40. hxg5+ Nxg5 41. Bf8# 1-0

[Event "*** Titled Tuesday Blitz"]
[Site "Chess.com"]
[Date "2019.02.05"]
[Round "3"]
[White "chenrip"]
[Black "Vamostodorecto"]
[Result "0-1"]
[WhiteElo "2307"]
[BlackElo "2453"]
[TimeControl "180+2"]
[EndTime "13:35:53 PST"]
[Termination "Vamostodorecto won by resignation"]

1. e4 e6 2. d4 d5 3. Nc3 Bb4 4. e5 c5 5. a3 Bxc3+ 6. bxc3 Ne7 7. a4 b6 8. Nf3 Ba6 9. Bxa6 Nxa6 10. O-O O-O 11.
Ba3 Rc8 12. Qd3 c4 13. Qd2 Re8 14. Rfb1 Nb8 15. g4 Nbc6 16. h4 Kh8 17. Qf4 Ng6 18.
Qg3 f5 19. gxf5 exf5 20. h5 Nf8 21. Kg2 Ne6 22. Rh1 Rg8 23. Rag1 Qe8 24. Ng5 Ncd8 25.
f4 Qxa4 26. Be7 Qxc2+ 27. Kh3 Nxg5+ 28. Qxg5 Ne6 29. Qg3 Qd3 30. Qxd3 cxd3 31. h6 Nxf4+ 32. Kg3 Ne2+ 33. Kf2 Nxg1 34. Rxg1 Rge8 35. Rxg7 Rc7 36. Bf6 Rxg7 37. hxg7+ Kg8 38. Ke3 Kf7 39. Kxd3 b5 40. Kc2 a5 41. Kb3 Ra8 42. Ka3 h5 43. Kb3 f4 0-1

[Event "*** Titled Tuesday Blitz"]
[Site "Chess.com"]
[Date "2019.02.05"]
[Round "3"]
[White "Dr-Bassem"]
[Black "AliKa2810"]
[Result "1-0"]
[WhiteElo "2764"]
[BlackElo "2464"]
[TimeControl "180+2"]
[EndTime "13:35:54 PST"]
[Termination "Dr-Bassem won by resignation"]

1. e4 e5 2. Nf3 Nf6 3. Nxe5 d6 4. Nf3 Nxe4 5. Nc3 Nxc3 6. dxc3 Be7 7. Be3 Nc6 8. Bd3 Ne5 9. Nxe5 dxe5 10. Qh5 Bd6 11. O-O-O Be6 12. Bb5+ c6 13. Bc5 g6 14. Qh6 cxb5 15.
Rxd6 Qf6 16. Be3 Qe7 17. Rhd1 f6 18. Bc5 Kf7 19. Rc6 bxc6 20. Bxe7 Kxe7 21. a4 bxa4 22. f4 e4 23. Rd4 Kf7 24. Rxe4 a3 25. bxa3 Rad8 26.
Rd4 Bd5 27. f5 gxf5 28. Qh5+ Ke6 29. Rf4 Be4 30. g4 Ke5 31. Rf1 Rhg8 32. gxf5 Rg5 33. Qxh7 Rxf5 34. Qe7+ 1-0

[Event "*** Titled Tuesday Blitz"]
[Site "Chess.com"]
[Date "2019.02.05"]
[Round "3"]
[White "Lord_Neezy"]
[Black "Romn69"]
[Result "1-0"]
[WhiteElo "2172"]
[BlackElo "2245"]
[TimeControl "180+2"]
[EndTime "13:35:55 PST"]
[Termination "Lord_Neezy won by resignation"]

1. e4 c5 2. Nc3 Nc6 3. g3 g6 4.
d3 Bg7 5. Be3 d6 6. Bg2 e6 7. Qd2 Nd4 8. Nd1 e5 9. c3 Ne6 10. Nh3 h5 11. f4 exf4 12. Nxf4 Nf6 13. Nf2 O-O 14. O-O Nxf4 15. Bxf4 Rb8 16. h3 b5 17. Nd1 b4 18. Bg5 Rb6 19. Qf2 Nxe4 20.
Bxd8 Nxf2 21. Bxb6 axb6 22. Rxf2 Be5 23. Rf3 bxc3 24.
bxc3 Bb7 25. Re3 Ba6 26. Rb1 b5 27. Bd5 b4 28. Kg2 bxc3 29. Rc1 Bd4 30. Rf3 Bc8 31. Nxc3 Kg7 32. Nb5 Be5 33. Rd1 Ba6 34. d4 cxd4 35. Nxd4 f5 36. Ne6+ 1-0

[Event "*** Titled Tuesday Blitz"]
[Site "Chess.com"]
[Date "2019.02.05"]
[Round "3"]
[White "Konavets"]
[Black "pKiLz5Rn9b"]
[Result "1-0"]
[WhiteElo "2836"]
[BlackElo "2737"]
[TimeControl "180+2"]
[EndTime "13:35:58 PST"]
[Termination "Konavets won by resignation"]

1. d4 Nf6 2. c4 e6 3. Nf3 b6 4.
Bg5 Bb7 5. e3 Be7 6. Nc3 O-O 7.
Bd3 d5 8. cxd5 exd5 9. O-O Nbd7 10. Rc1 a6 11. Re1 Re8 12. Qc2 Ne4 13. Bf4 Bb4 14. a3 Bxc3 15. bxc3 c5 16. c4 dxc4 17. Bxc4 b5 18.
Bf1 c4 19. Red1 Nb6 20. Ne5 f6 21. f3 fxe5 22. dxe5 Qh4 23. fxe4 g5 24. g3 Qh5 25. Rd6 gxf4 26. Rxb6 Rab8 27. exf4 Bxe4 28. Bxc4+ bxc4 29. Qxc4+ Qf7 30. Rxb8 Rxb8 31. Qxe4 Qa7+ 32. Kh1 Qf2 33. Qg2 Qe3 34. Rd1 Qxa3 35. e6 a5 36. Qd5 Qe3 37.
Qg5+ Kh8 38. Rd8+ Rxd8 39. Qxd8+ Kg7 40. Qe7+ 1-0

[Event "*** Titled Tuesday Blitz"]
[Site "Chess.com"]
[Date "2019.02.05"]
[Round "3"]
[White "mouseWLZ"]
[Black "Mostii"]
[Result "1-0"]
[WhiteElo "2453"]
[BlackElo "2490"]
[TimeControl "180+2"]
[EndTime "13:35:58 PST"]
[Termination "mouseWLZ won by resignation"]

1. e4 e6 2. d4 d5 3. Nd2 Nf6 4. e5 Nfd7 5. c3 c5 6. Bd3 b5 7. Ne2 Qb6 8. O-O a5 9. f4 b4 10. Kh1 g6 11. Nf3 Ba6 12. Bxa6 Nxa6 13. Be3 Be7 14.
g4 h5 15. g5 c4 16. Nh4 O-O-O 17. Qa4 Kb7 18. Rfc1 Nc7 19. b3 Qa6 20. bxc4 Nb6 21. Qb3 dxc4 22. Qd1 Nbd5 23. Bd2 Qc6 24. Kg1 Nb5 25. Rab1 Ra8 26. a4 Nbc7 27. Ng3 b3 28.
Qe2 Qxa4 29. Ne4 Qc6 30. Nf3 a4 31. Nd6+ Bxd6 32. exd6 Qxd6 33. Qxc4 Qc6 34. Qd3 Nb6 35. Ne5 Qe8 36. c4 Qe7 37. Qe4+ Ncd5 38. cxd5 exd5 39. Qd3 Rhc8 40. Qb5 Qd6 41. Bb4 Qe6 42. Bc5 Ra6 43.
Bxb6 Rxb6 44. Qxa4 Rxc1+ 45. Rxc1 b2 46. Rb1 Qh3 47.
Qd7+ Qxd7 48. Nxd7 Rb3 49. Nc5+ 1-0

[Event "*** Titled Tuesday Blitz"]
[Site "Chess.com"]
[Date "2019.02.05"]
[Round "3"]
[White "gmjlh"]
[Black "jefferyx"]
[Result "1-0"]
[WhiteElo "2708"]
[BlackElo "2862"]
[TimeControl "180+2"]
[EndTime "13:35:59 PST"]
[Termination "gmjlh won by resignation"]

1. c4 g6 2. e4 e5 3. d4 exd4 4.
Qxd4 Nf6 5. Bg5 Bg7 6. e5 Qe7 7. Be2 Nc6 8. exf6 Nxd4 9. fxe7 Nc2+ 10. Kd2 Nxa1 11. Nc3 h6 12. Bf4 d6 13. Nf3 Kxe7 14.
Rxa1 Be6 15. Re1 Kd7 16. b3 Rhe8 17. h3 a5 18. Be3 f5 19. g3 g5 20. h4 f4 21. gxf4 gxh4 22. Nxh4 Bf6 23. Rh1 Rh8 24. Nd5 Bxd5 25. cxd5 c6 26. Ng6 Rh7 27. Bd3 Rg7 28.
dxc6+ bxc6 29. Rxh6 a4 30. b4 a3 31. Ne5+ Bxe5 32.
fxe5 dxe5 33. Be4 Rd8 34. Bb6 Rf8 35. Bxc6+ Kc8 36. Bc5 Rd8+ 37. Kc3 Rg1 38. Bb5 Rb1 39. Rh7 Rdd1 40. Ba6+ Kb8 41. Kc4 Rb2 42. Kb5 Rxa2 43. Rh8+ Kc7 44. Bb6+ 1-0

[Event "*** Titled Tuesday Blitz"]
[Site "Chess.com"]
[Date "2019.02.05"]
[Round "3"]
[White "GeorgMeier"]
[Black "gmcorrales"]
[Result "0-1"]
[WhiteElo "2835"]
[BlackElo "2743"]
[TimeControl "180+2"]
[EndTime "13:36:00 PST"]
[Termination "gmcorrales won by resignation"]

1. Nf3 Nf6 2. g3 g6 3. Bg2 Bg7 4. O-O d5 5. d4 O-O 6. c4 c6 7. cxd5 cxd5 8. Nc3 Nc6 9. Ne5 e6 10.
Bg5 h6 11. Nxc6 bxc6 12. Bf4 Re8 13. Rc1 Nd7 14. Qd2 Kh7 15. e4 Ba6 16. Rfd1 Rc8 17. b3 Nb6 18. h4 Qd7 19. Be3 Qe7 20. Qc2 Kh8 21. Qd2 Kh7 22. Bf4 Red8 23. Qe1 Qa3 24.
Rc2 c5 25. exd5 Nxd5 26. Nxd5 exd5 27. dxc5 d4 28. Qe7 d3 29. Rcd2 Kg8 30. Bd6 Bf8 31. Qxa7 Bxd6 32. cxd6 Qxd6 33. Be4 Rc3 34. Qe3 Kg7 35.
Bf3 Bb5 36. Kg2 Re8 37. Qf4 Qxf4 38. gxf4 Kf6 39. Kg3 h5 40. a4 Ba6 41. b4 Bc4 42. Ra1 Rc2 43. Rdd1 d2 44. b5 Rb2 45. b6 Bb3 46.
Rdb1 Rxb1 47. Rxb1 Bxa4 48. b7 Rb8 49. Bd5 d1=Q 0-1

[Event "*** Titled Tuesday Blitz"]
[Site "Chess.com"]
[Date "2019.02.05"]
[Round "3"]
[White "ChristopherYoo"]
[Black "Caisachess"]
[Result "1-0"]
[WhiteElo "2652"]
[BlackElo "2385"]
[TimeControl "180+2"]
[EndTime "13:36:00 PST"]
[Termination "ChristopherYoo won by checkmate"]

1. e4 e5 2. Nf3 Nc6 3. Bc4 Bc5 4. O-O Nf6 5. d3 d6 6. h3 O-O 7. c3 Ne7 8. a4 a5 9. Na3 Ng6 10. Nc2 Bb6 11. Be3 c6 12. Re1 Re8 13. b4 d5 14. Bb3 dxe4 15. Bxb6 Qxb6 16. Ng5 Re7 17. dxe4 h6 18. Nf3 Nf4 19. Qd6 Rd7 20. Qxe5 Nd3 21.
Qg3 Nxe1 22. Rxe1 Re7 23. e5 Nh7 24. Qh4 Qc7 25. Ncd4 Nf8 26. Bc2 axb4 27. cxb4 Be6 28. Qe4 Bd5 29. Qg4 Be6 30. Bf5 Rd8 31. Bxe6 Nxe6 32.
Nf5 Ree8 33. Nxh6+ Kf8 34. Nf5 Qd7 35. Nd6 Re7 36.
Nh4 Nc7 37. Nhf5 Qe6 38. Qxg7# 1-0

[Event "*** Titled Tuesday Blitz"]
[Site "Chess.com"]
[Date "2019.02.05"]
[Round "3"]
[White "SolidAsARook"]
[Black "BvsN"]
[Result "0-1"]
[WhiteElo "2188"]
[BlackElo "2301"]
[TimeControl "180+2"]
[EndTime "13:36:00 PST"]
[Termination "BvsN won by resignation"]

1. c4 e5 2. g3 c6 3. d4 e4 4. Bg2 d5 5. Nc3 Bb4 6. Qb3 Bxc3+ 7. bxc3 dxc4 8. Qxc4 Be6 9. Qb4 Qb6 10. Ba3 Qxb4 11.
Bxb4 Nf6 12. Nh3 Nbd7 13. Nf4 Bc4 14. h4 Nb6 15. f3 e3 16. Nd3 Bxd3 17. exd3 Nbd5 18.
Rb1 a5 19. Ba3 b5 20. c4 Nc3 21. Rb2 b4 22. Rc2 Kd7 23. Bc1 Rhe8 24. O-O Nh5 25. Kh2 f5 26. Re1 e2 27. Bh3 g6 28. g4 Ng7 29.
Bd2 Rab8 30. Bh6 fxg4 31. Bxg4+ Nf5 32. Bd2 Kd6 33. Bxf5 gxf5 34. Bxc3 bxc3 35. Rxc3 Rb2 36. Kg3 Rxa2 37. Kf4 Rd2 38. Rb3 Rd1 0-1

[Event "*** Titled Tuesday Blitz"]
[Site "Chess.com"]
[Date "2019.02.05"]
[Round "3"]
[White "m3alam"]
[Black "julinha97"]
[Result "1-0"]
[WhiteElo "2157"]
[BlackElo "2081"]
[TimeControl "180+2"]
[EndTime "13:36:02 PST"]
[Termination "m3alam won by resignation"]

1. d4 Nf6 2. Nf3 g6 3. g3 Bg7 4. Bg2 d6 5. O-O O-O 6. c4 Nc6 7. Nc3 a6 8. b3 Rb8 9. Nd5 Nxd5 10. cxd5 Nb4 11. e4 f5 12. Ng5 c5 13. a3 Bxd4 14.
Rb1 Na2 15. Bd2 Nc3 16. Bxc3 Bxc3 17. Ne6 Bxe6 18. dxe6 fxe4 19. Bxe4 Bd4 20. Qg4 Rf6 21. h4 Qf8 22. h5 Rxf2 23. Rxf2 Qxf2+ 24. Kh1 Qf6 25.
hxg6 h6 26. Kg2 Qf2+ 27. Kh3 Kg7 28. Qh4 Bf6 29. Qg4 Bg5 30. Bd3 b5 31. Rf1 Qd4 32.
Rf7+ Kg8 33. g7 Qa1 34. Qe4 Qxg7 35. Rxg7+ Kxg7 36. Qg6+ 1-0